 Dungeon Crawl Stone Soup version 0.28.0-53-g5a82cb258f (webtiles) character file.

Game seed: 8474098334381143699

51 ILmort the Chopper (level 3, -3/31 HPs)
             Began as a Minotaur Berserker on Aug 17, 2022.
             Was a Follower of Trog.
             Slain by Grinder (7 damage)
             ... while paralysed by Grinder
             ... on level 3 of the Dungeon.
             The game lasted 00:03:45 (2221 turns).

ILmort the Chopper (Minotaur Berserker)             Turns: 2221, Time: 00:03:46

Health: -3/31      AC:  5    Str: 23    XL:     3   Next: 58%
Magic:  2/2        EV:  2    Int:  4    God:    Trog [*.....]
Gold:   23         SH:  0    Dex:  9    Spells: 2/2 levels left

rFire   . . .      SeeInvis .   a - +0 hand axe
rCold   . . .      Faith    .   (no shield)
rNeg    . . .      Spirit   .   d - +0 ring mail
rPois   .          Reflect  .   (helmet restricted)
rElec   .          Harm     .   (no cloak)
rCorr   .          Rampage  .   (no gloves)
Will    .....                   (no boots)
Stlth   ..........              (no amulet)
HPRegen 0.10/turn               (no ring)
MPRegen 0.08/turn               (no ring)

@: paralysed
A: horns 2, retaliatory headbutt
a: Renounce Religion, Berserk


You were on level 3 of the Dungeon.
You worshipped Trog.
Trog was aware of your devotion.
You visited 1 branch of the dungeon, and saw 3 of its levels.

You collected 23 gold pieces.

Inventory:

Hand Weapons
 a - a +0 hand axe (weapon)
 h - a +0 mace of protection
 l - a +0 hunting sling of flaming
Armour
 b - a +0 animal skin
 d - a +0 ring mail (worn)
Scrolls
 i - 3 scrolls of identify {unknown}
 k - a scroll of magic mapping {unknown}
Potions
 c - a potion of resistance {unknown}
 e - a potion of might {unknown}
 g - a potion of heal wounds {unknown}


   Skills:
 - Level 3.6 Fighting
 + Level 5.6 Axes
 - Level 2.4 Armour
 - Level 2.1 Dodging


You had 2 spell levels left.
You didn't know any spells.
Your spell library was empty.

Dungeon Overview and Level Annotations

Branches:
Dungeon (3/15)

Altars:
Hepliaklqana

Shops:
D:2 !:

Annotations:
D:3 Grinder


Innate Abilities, Weirdness & Mutations

You have a pair of horns on your head.
You reflexively headbutt those who attack you in melee.


Message History

You climb downwards.
Grinder shouts!
Found an escape hatch in the ceiling.
There is a stone staircase leading up here.
As you read the scroll labelled EPUELO FORO, it crumbles to dust.
Magic quickly surges around you.
It was a scroll of vulnerability.
Grinder gestures at you. Pain shoots through your body!
You climb upwards.
There is a stone staircase leading down here.
You feel your willpower return.
Done exploring.
You start waiting.
Done waiting.
You start waiting.
Done waiting.
You climb downwards.
Level annotation: Grinder
There is a stone staircase leading up here.
As you read the scroll labelled RIOSHIEWNY, it crumbles to dust.
It is a scroll of amnesia.
You feel forgetful for a moment. Grinder barely misses you.
You closely miss Grinder. Grinder closely misses you.
You closely miss Grinder.
Grinder blinks!
Found 6 gold pieces.
You hit Grinder. You headbutt Grinder, but do no damage. Grinder misses you.
You slash Grinder! Grinder hits you.
You writhe in agony.
You barely miss Grinder. Grinder gestures at you.
You suddenly lose the ability to move!
Grinder hits you. x2
You writhe in agony.
* * * LOW HITPOINT WARNING * * *
Grinder hits you.
* * * LOW HITPOINT WARNING * * *
You writhe in agony.
* * * LOW HITPOINT WARNING * * *
Grinder hits you but does no damage. Grinder hits you!
You die...

.. #< #.
#. #. #.##
#.<#
#..#######
#.@5......
#..#######
....#
.......
####...#
#...#
#$.## #..


You could see Grinder.

Vanquished Creatures
  2 adders (D:2)
  A worm (D:2)
  4 orcs (D:2)
  3 ball pythons
  2 bats
  3 giant cockroaches
  4 hobgoblins
  A kobold (D:1)
  A quokka (D:1)
  2 frilled lizards
  2 rats (D:1)
25 creatures vanquished.

Vanquished Creatures (others)
  5 plants (D:2)
5 creatures vanquished.

Grand Total: 30 creatures vanquished

Notes
Turn   | Place    | Note
-------+----------+-------------------------------------------
     0 | D:1      | ILmort the Minotaur Berserker began the quest for the Orb.
     0 | D:1      | Reached XP level 1. HP: 19/19 MP: 0/0
   143 | D:1      | Reached skill level 4 in Axes
   409 | D:1      | Reached XP level 2. HP: 26/26 MP: 1/1
   570 | D:1      | Found a faded altar of an unknown god.
   869 | D:2      | Reached skill level 5 in Axes
   958 | D:2      | Reached XP level 3. HP: 31/31 MP: 2/2
  1359 | D:2      | Found a hazy altar of Hepliaklqana.
  1364 | D:2      | Found Zebbus's Distillery.
  1408 | D:2      | Found Loubb's Book Shoppe.
  1879 | D:3      | Noticed Grinder
  2216 | D:3      | Paralysed by Grinder for 6 turns
  2221 | D:3      | Slain by Grinder

Illustrated notes

Levels and vault maps discovered:
D:1:      erik_arrival_triangle_large, layout_basic,
          hellmonk_ecumenical_altar_heavens_door
D:2:      layout_loops_cross, serial_shops, shop, nicolae_shop_crystal,
          serial_bayou, serial_bayou_lagoon_b, serial_bayou_pond_c,
          serial_bayou_shore_b, serial_bayou_ford_a, serial_bayou_pond_c,
          basic_altar, wad_orctagon
D:3:      layout_basic, mainiacjoe_overflow_alcove_1,
          worldfamousw_hep_ancestral_shrine, serial_park_tiny_1, uniq_grinder

Skill      XL: |  1  2 |
---------------+-------+-----
Axes           | 4 5 |  5.6
Fighting       | |  3.6
Armour         | |  2.4
Dodging        | |  2.1

Action                   || total
-------------------------++-------
Melee: Hand axe          ||    67
       Headbutt          ||     8
  Use: Scroll            ||     2
Armor: Animal skin       ||     2
       Ring mail         ||    15
Dodge: Dodged            ||    44
